 Dungeon Crawl Stone Soup version 0.24-a0-489-g1c7b743a30 (webtiles) character file.

Game seed: 193408676547938188

7125 KristoblXynda the Carver (level 10, -3/80 HPs)
             Began as a Purple Draconian Gladiator on July 11, 2019.
             Was a High Priest of Okawaru.
             Slain by a two-headed ogre
             ... wielding a +0 giant club
              (15 damage)
             ... on level 9 of the Dungeon.
             The game lasted 00:16:45 (9899 turns).

KristoblXynda the Carver (DrGl)                     Turns: 9899, Time: 00:16:46

Health: -3/80      AC: 13    Str: 16    XL:     10   Next: 85%
Magic:  0/25       EV: 16    Int: 12    God:    Okawaru [*****.]
Gold:   618        SH:  0    Dex: 13    Spells: 6/9 levels left

rFire    . . .     SeeInvis .   a - +1 long sword
rCold    . . .     Gourm    .   (no shield)
rNeg     . . .     Faith    .   (armour unavailable)
rPois    .         Spirit   +   C - +2 hat
rElec    .         Reflect  .   F - +0 cloak
rCorr    .         Harm     .   (no gloves)
MR       +....                  m - +0 pair of boots
Stlth    +.........             j - amulet of guardian spirit
HPRegen  0.23/turn              k - ring of magical power
MPRegen  0.19/turn              f - +2 ring of protection

@: short of breath
A: breathe power, unfitting armour, cold-blooded, AC +7
a: Breathe Dispelling Energy, Heroism, Finesse, Renounce Religion


You were on level 9 of the Dungeon.
You worshipped Okawaru.
Okawaru was extremely pleased with you.
You were hungry.

You visited 2 branches of the dungeon, and saw 10 of its levels.

You collected 618 gold pieces.

Inventory:

Hand Weapons
 a - a +1 long sword (weapon)
Missiles
 c - 3 throwing nets (quivered)
Armour
 m - a +0 pair of boots (worn)
 C - a +2 hat (worn)
 F - a +0 cloak (worn)
Jewellery
 f - a +2 ring of protection (right hand)
 j - an amulet of guardian spirit (around neck)
 k - a ring of magical power (left hand)
 o - an uncursed amulet of faith
 t - an uncursed ring of wizardry
Wands
 s - a wand of digging (6)
 y - a wand of flame (9)
Scrolls
 g - 6 scrolls of remove curse
 n - 2 scrolls of magic mapping
 q - 2 scrolls of teleportation
 r - 2 scrolls of immolation
 E - 2 scrolls of fog
Potions
 e - a potion of haste
 i - a potion of magic
 l - 2 potions of lignification
 p - a potion of cancellation
 u - a potion of curing
 v - 6 potions of heal wounds
 w - 3 potions of resistance
 x - 2 potions of agility
 A - a potion of flight
Comestibles
 d - 18 rations


   Skills:
 + Level 4.4 Fighting
 + Level 10.5 Long Blades
 - Level 2.0 Throwing
 - Level 8.0 Dodging
 + Level 8.9 Invocations
 + Level 5.9 Evocations


You had 6 spell levels left.
You knew the following spells:

 Your Spells              Type           Power        Failure   Level  Hunger
a - Dazzling Spray        Conj/Hex       #.....       69%         3    ####...

Your spell library contained the following spells:

 Spells                   Type           Power        Failure   Level  Hunger
 Magic Dart               Conj           #...         32%         1    ##.....
 Searing Ray              Conj           #.....       45%         2    ###....
 Force Lance              Conj/Tloc      #.......     97%         4    #####..
 Fulminant Prism          Conj/Hex       #.........   97%         4    #####..
 Iskenderun's Mystic Bla  Conj           #.......     97%         4    #####..


Dungeon Overview and Level Annotations

Branches:
Dungeon (9/15)             Temple (1/1) D:6
   Lair: D:8-11         Orc: D:9-12

Altars:
Ashenzari
Cheibriados
Dithmenos
Elyvilon
Fedhas
Gozag
Hepliaklqana
Kikubaaqudgha
Makhleb
Nemelex Xobeh
Okawaru
Qazlal
Ru
Sif Muna
Trog
Uskayaw
Vehumet
Wu Jian
Xom
Yredelemnul
Zin
The Shining One


Innate Abilities, Weirdness & Mutations

You can breathe bolts of dispelling energy.
Your rich purple scales are hard. (AC +7)
You cannot fit into any form of body armour.
You are cold-blooded and may be slowed by cold attacks.


Message History

The two-headed ogre is severely wounded.
The two-headed ogre struggles against the net.
You catch the helpless two-headed ogre completely off-guard!
You hit the two-headed ogre. You tail-slap the two-headed ogre.
The two-headed ogre is almost dead.
The two-headed ogre struggles against the net.
The net rips apart, and the two-headed ogre comes free!
You hit the two-headed ogre.
The two-headed ogre is almost dead.
The two-headed ogre hits you with a +0 giant club!!
* * * LOW HITPOINT WARNING * * *
The two-headed ogre hits you with a cursed +0 giant club.
* * * LOW HITPOINT WARNING * * *
You hit the two-headed ogre but do no damage.
You tail-slap the two-headed ogre.
The two-headed ogre is almost dead.
The two-headed ogre hits you with a +0 giant club.
* * * LOW HITPOINT WARNING * * *
The two-headed ogre hits you with a cursed +0 giant club!!
You die...

#<... #.....#####
#...>..((.####
#.....###....# ## #....
####.#### ..# #...
#....#### .).# ###
####....####.....
#######.......#
###O@(..†....#....
##)..########.......
.####..### .......
.........## .##....
...######..### .# ###.
#.########...## .##..
#.#...#...##..## ....#
#..........##..####..###
#.......................


You could see a two-headed ogre.

Vanquished Creatures
  Gastronok (D:9)
  Pikel (D:8)
  Grinder (D:5)
  2 hippogriffs
  Sigmund (D:3)
  Eustachio (D:6)
  4 hogs (D:8)
  A human (D:8)
  A hungry ghost (D:8)
  3 water moccasins
  3 sky beasts
  A slave (D:8)
  3 ogres
  A phantom (D:7)
  3 centaurs
  A big kobold (D:7)
  3 bullfrogs
  A wyvern zombie (D:8)
  4 scorpions
  4 killer bees (D:9)
  3 howler monkeys
  A vampire bat (D:7)
  4 crimson imps
  A bullfrog zombie (D:8)
  4 hounds
  An orc priest (D:9)
  A jelly (D:9)
  2 centaur skeletons
  3 iguanas
  Terence (D:3)
  6 orc wizards
  4 worker ants
  2 killer bee zombies
  A hound zombie (D:7)
  3 hound skeletons
  Robin (D:2)
  3 gnolls (D:5)
  10 adders
  3 adder zombies
  An adder skeleton (D:4)
  5 worms
  2 dart slugs
  5 leopard geckos
  14 orcs
  11 bats
  2 bat skeletons (D:7)
  2 bat zombies (D:7)
  7 giant cockroaches
  15 goblins
  9 hobgoblins
  13 jackals
  11 kobolds
  A quokka (D:3)
  A ball python (D:2)
  10 frilled lizards
  A goblin zombie (D:4)
  6 hobgoblin zombies (D:4)
  A jackal skeleton (D:6)
  A kobold skeleton (D:4)
  A kobold zombie (D:4)
  A leopard gecko zombie (D:7)
  An orc skeleton (D:4)
  2 orc zombies (D:4)
  A quokka skeleton (D:4)
  7 rats
225 creatures vanquished.

Vanquished Creatures (others)
  A hippogriff (D:8)
  A slave (D:8)
2 creatures vanquished.

Grand Total: 227 creatures vanquished

Notes
Turn   | Place    | Note
-------+----------+-------------------------------------------
     0 | D:1      | KristoblXynda the Draconian Gladiator began the quest for
                  | the Orb.
     0 | D:1      | Reached XP level 1. HP: 17/17 MP: 1/1
   346 | D:1      | Reached XP level 2. HP: 25/25 MP: 2/2
   795 | D:2      | Reached XP level 3. HP: 29/30 MP: 3/3
   915 | D:2      | Found an iron altar of Okawaru.
   932 | D:2      | Became a worshipper of Warmaster Okawaru
  1453 | D:2      | Found a sacrificial altar of Ru.
  1510 | D:2      | Found an opulent altar of Gozag.
  1511 | D:2      | Found a snail-covered altar of Cheibriados.
  1615 | D:2      | Noticed Robin
  1632 | D:2      | Reached XP level 4. HP: 18/38 MP: 4/4
  1639 | D:2      | Reached skill level 4 in Long Blades
  1647 | D:2      | Killed Robin
  2148 | D:3      | Noticed Terence
  2158 | D:3      | Killed Terence
  2158 | D:3      | Reached skill level 1 in Invocations
  2316 | D:3      | Reached XP level 5. HP: 40/45 MP: 5/5
  2654 | D:3      | Noticed Sigmund
  2679 | D:3      | Killed Sigmund
  2679 | D:3      | Reached skill level 5 in Long Blades
  2679 | D:3      | Reached XP level 6. HP: 9/51 MP: 0/7
  2982 | D:3      | You fall into a shaft and drop 2 floors!
  2982 | D:5      | Entered Level 5 of the Dungeon
  3213 | D:5      | Noticed a hippogriff
  3302 | D:5      | Noticed a sky beast
  3319 | D:5      | Reached * piety under Okawaru
  3340 | D:4      | Found a glowing golden altar of the Shining One.
  3341 | D:4      | HP: 2/51 [something (4)]
  3385 | D:4      | Killed a sky beast
  3385 | D:4      | Reached skill level 6 in Long Blades
  3385 | D:4      | Your scales start taking on a rich purple colour.
  3385 | D:4      | Reached XP level 7. HP: 36/57 MP: 7/9
  3844 | D:4      | Found a blossoming altar of Fedhas.
  4010 | D:4      | Reached ** piety under Okawaru
  4114 | D:4      | Found a deep blue altar of Sif Muna.
  4854 | D:5      | Reached skill level 7 in Long Blades
  4925 | D:5      | Reached skill level 5 in Dodging
  4925 | D:5      | Reached XP level 8. HP: 8/63 MP: 1/11
  5361 | D:5      | Noticed Grinder
  5377 | D:5      | Killed Grinder
  5377 | D:5      | Reached *** piety under Okawaru
  5377 | D:5      | Reached skill level 8 in Long Blades
  5377 | D:5      | Reached skill level 5 in Invocations
  5575 | D:5      | Killed a hippogriff
  6325 | D:6      | Found a sparkling altar of Nemelex Xobeh.
  6383 | D:6      | Found a staircase to the Ecumenical Temple.
  6417 | Temple   | Entered the Ecumenical Temple
  6581 | D:6      | Found a burning altar of Makhleb.
  6804 | D:6      | Noticed Eustachio
  6848 | D:6      | Reached XP level 9. HP: 58/70 MP: 13/13
  6879 | D:6      | Killed Eustachio
  6929 | D:6      | Found a shadowy altar of Dithmenos.
  7047 | D:6      | Found a white marble altar of Elyvilon.
  7047 | D:6      | Found a sparkling altar of Nemelex Xobeh.
  7301 | D:7      | Reached skill level 9 in Long Blades
  7692 | D:7      | Reached **** piety under Okawaru
  7851 | D:7      | Reached skill level 1 in Evocations
  8018 | D:7      | Found a glowing golden altar of the Shining One.
  8104 | D:7      | Found an ancient bone altar of Kikubaaqudgha.
  8362 | D:7      | Found a stormy altar of Qazlal.
  8605 | D:8      | Noticed Pikel
  8657 | D:8      | Killed Pikel
  8946 | D:8      | Reached ***** piety under Okawaru
  8948 | D:8      | Reached XP level 10. HP: 60/78 MP: 15/15
  9434 | D:9      | Found a basalt altar of Yredelemnul.
  9539 | D:9      | Noticed Gastronok
  9560 | D:9      | Killed Gastronok
  9560 | D:9      | Received a gift from Okawaru
  9560 | D:9      | Reached skill level 10 in Long Blades
  9560 | D:9      | Reached skill level 5 in Evocations
  9723 | D:9      | Learned a level 3 spell: Dazzling Spray
  9841 | D:9      | Noticed a two-headed ogre
  9899 | D:9      | Slain by a two-headed ogre

Levels and vault maps discovered:
D:1:      minmay_arrival_solitary_statue, layout_basic, serial_park_tiny_2
D:2:      minmay_razor_zed, layout_basic, okawaru_gym_becter,
          gammafunk_temple_overflow_pools, lemuel_coloured_pillars_altar,
          minmay_distorted, uniq_robin
D:3:      layout_basic, uniq_terence, uniq_sigmund
D:4:      layout_loops_ring, led_sif_book, kennysheep_mini,
          nicolae_tso_besieged_by_evil, grunt_decor_clamped, roderic_lattice_a,
          st_stairs_11, lightli_corner_chamber
D:5:      cheibrodos_fzero, layout_basic, first_ration, uniq_grinder
D:6:      layout_loops_corners, nicolae_dithmenos_through_a_glass_darkly,
          gammafunk_temple_overflow_statue, minmay_temple_entry_grid,
          basic_altar, nemelex_xobeh_ov_fountains_minmay, uniq_eustachio
D:7:      layout_loops_ring, kennysheep_vampire_church, lemuel_doored_altar,
          basic_altar
D:8:      layout_basic, grunt_livestock, uniq_pikel
D:9:      layout_rooms, overflow_temple_1_default, uniq_gastronok
Temple:   jpeg_temple_island

Skill      XL: |  1  2  3  4  5  6  7  8  9 10 |
---------------+-------------------------------+-----
Throwing       | 2 |  2.0
Dodging        | 3 4 5 6 7 8 |  8.0
Fighting       | 3 4 |  4.4
Long Blades    | 4 5 6 7 8 9 10 | 10.5
Invocations    | 1 2 3 4 5 7 8 |  8.9
Evocations     | 3 5 |  5.9

Action                   |  1- 3 |  4- 6 |  7- 9 | 10-12 || total
-------------------------+-------+-------+-------+-------++-------
Melee: Long sword        |    97 |   203 |   566 |   165 ||  1031
       Tailslap          |    16 |    32 |    79 |    35 ||   162
Throw: Throwing net      |       |       |       |     1 ||     1
 Abil: Breathe Dispellin |       |       |     6 |     2 ||     8
Evoke: Wand              |       |       |     1 |     3 ||     4
  Use: Potion            |       |     4 |     3 |     1 ||     8
       Scroll            |       |     6 |    18 |     3 ||    27
 Stab: Sleeping          |       |     1 |     1 |     1 ||     3
       Held in net/web   |       |       |       |     1 ||     1
  Eat: Chunk             |     2 |     6 |     6 |     2 ||    16
       Ration            |       |       |     4 |     1 ||     5
Armor: Skin              |    31 |    74 |   217 |    52 ||   374
Dodge: Dodged            |   101 |   147 |   410 |   108 ||   766
       Rpst.: Long sword |    39 |    34 |   124 |    31 ||   228

Table legend:
 A = Non-vault XP
 B = Vault XP
 C = Vault XP percentage of total XP
 D = Non-vault monster count
 E = Vault monster count
 F = Vault count percentage of total count
                 A         B        C        D         E       F
            +---------+---------+-------+---------+---------+-------
      Total |    4646 |    5533 |  54.4 |     161 |      64 |  28.4
            +---------+---------+-------+---------+---------+-------
        D:1 |      28 |       0 |   0.0 |      18 |       0 |   0.0
        D:2 |      58 |      56 |  49.1 |      18 |      23 |  56.1
        D:3 |      70 |     259 |  78.7 |      18 |       2 |  10.0
        D:4 |     177 |     423 |  70.5 |      12 |      18 |  60.0
        D:5 |     835 |     716 |  46.2 |      24 |       8 |  25.0
        D:6 |     311 |     203 |  39.5 |      12 |       1 |   7.7
        D:7 |     884 |      63 |   6.7 |      23 |       5 |  17.9
        D:8 |     792 |    1641 |  67.4 |      14 |       6 |  30.0
        D:9 |    1491 |    2172 |  59.3 |      22 |       1 |   4.3
            +---------+---------+-------+---------+---------+-------
